 Dungeon Crawl Stone Soup version 0.27.1-1-g398f81649c (webtiles) character file.

Game seed: 2394363390275328313

25 T3K the Gusty (level 2, 0/20 HPs)
             Began as a Draconian Air Elementalist on Sept 9, 2021.
             Was an Initiate of Gozag.
             Slain by an ogre (15 damage)
             ... on level 2 of the Dungeon.
             The game lasted 00:03:44 (1390 turns).

T3K the Gusty (Draconian Air Elementalist)          Turns: 1390, Time: 00:03:45

Health: 0/20       AC:  4    Str: 10    XL:     2   Next: 82%
Magic:  5/5        EV: 12    Int: 15    God:    Gozag
Gold:   143        SH:  0    Dex: 11    Spells: 5/6 levels left

rFire    . . .     SeeInvis .   b - +0 short sword
rCold    . . .     Faith    .   (no shield)
rNeg     . . .     Spirit   .   (armour unavailable)
rPois    .         Reflect  .   (helmet restricted)
rElec    .         Harm     .   (no cloak)
rCorr    .         Rampage  .   (no gloves)
Will     .....                  (no boots)
Stlth    ++........             d - amulet of magic regeneration
HPRegen  0.06/turn              (no ring)
MPRegen  0.34/turn              (no ring)

@: mighty, gold aura
A: AC +4, unfitting armour, cold-blooded
a: Renounce Religion, Potion Petition, Call Merchant, Bribe Branch


You were on level 2 of the Dungeon.
You worshipped Gozag.
Gozag was aware of your devotion.
You visited 1 branch of the dungeon, and saw 2 of its levels.

You collected 143 gold pieces.

Inventory:

Hand Weapons
 b - a +0 short sword (weapon)
Jewellery
 d - an amulet of magic regeneration (around neck)
Scrolls
 c - a scroll of identify
 i - a scroll of enchant armour
Potions
 f - a potion of lignification {unknown}
 g - a potion of attraction
 h - a potion of heal wounds {unknown}
 j - a potion of brilliance {unknown}


   Skills:
 + Level 1.8 Dodging
 + Level 1.9 Stealth
 + Level 2.6 Spellcasting
 + Level 1.3 Conjurations
 + Level 3.3 Air Magic


You had 5 spell levels left.
You knew the following spells:

 Your Spells              Type           Power      Damage    Failure   Level
a - Shock                 Conj/Air       36%        1d5       8%          1

Your spell library contained the following spells:

 Spells                   Type           Power      Damage    Failure   Level
 Static Discharge         Conj/Air       9%         N/A       12%         2
 Swiftness                Air            11%        N/A       16%         3
 Airstrike                Air            5%         N/A       47%         4


Dungeon Overview and Level Annotations

Branches:
Dungeon (2/15)

Altars:
Gozag


Innate Abilities, Weirdness & Mutations

Your plain brown scales are hard. (AC +4)
You cannot fit into any form of body armour.
You are cold-blooded and may be slowed by cold attacks.


Message History

An ogre comes into view. It is wielding a +0 giant club.
The ogre shouts!
The zap hits the ogre.
The ogre is lightly wounded.
The zap hits the ogre.
The ogre is lightly wounded.
The zap hits the ogre.
The ogre is lightly wounded.
The ball python bites you. The ball python closely misses you.
The ball python barely misses you. The ball python grabs you.
The ball python constricts you.
You barely miss the ball python. The ball python barely misses you.
The ball python constricts you. The ogre hits you with a +0 giant club.
You escape the ball python's grasp.
The ball python barely misses you. x2
As you read the scroll labelled VURRAN WAMUA, it crumbles to dust.
You feel aware of your surroundings.
It was a scroll of magic mapping.
The ball python barely misses you. x2
As you read the scroll labelled TEAR RAYSOIM, it crumbles to dust.
It is a scroll of identify.
i - a scroll of enchant armour The ball python closely misses you.
The ball python grabs you. The ball python constricts you.
It was a potion of might.
You feel very mighty all of a sudden. The ball python barely misses you.
The ball python constricts you.
You closely miss the ball python. The ball python misses you.
The ball python constricts you.
The ball python bites you but does no damage.
The ball python constricts you.
You puncture the ball python!
You kill the ball python!
You puncture the ogre! You tail-slap the ogre!
The ogre is severely wounded.
The ogre barely misses you.
You hit the ogre.
The ogre is almost dead.
The ogre hits you with a +0 giant club!
Ouch! That really hurt!
You die...
Your body crumbles into a pile of gold.

*,,,,,* ##.######
*,,,,,* #.### # *,,,,,*
#...# # *,,,,,*** ###.#
# *,,,,,$,* #.# #
*,*,***,* #.#
#***,*,***,* #.#
.....,,,,,,* #.#
###..,,.,,,* #@# #
*,,,,....#####O# ******
#
*,,*,......!...#*******
*,,,,,
*,,*,#.#.######.......*
*,**** *,,,,,,,,*
*.#####.****,***,
*,,,,,,*** *.#
*,,,,,,,,,, ***,,,**
*.# ******,**,, *,,,*
*.# *,**,, *,,,*
***.#*** *,,,,,


You could see an ogre.

Vanquished Creatures
  A dart slug (D:1)
  3 ball pythons
  A bat (D:1)
  3 endoplasms (D:1)
  3 goblins
  A hobgoblin (D:1)
  A frilled lizard (D:1)
  3 kobolds (D:1)
  6 rats
22 creatures vanquished.

Vanquished Creatures (others)
  2 plants (D:1)
  3 withered plants (D:1)
5 creatures vanquished.

Grand Total: 27 creatures vanquished

Notes
Turn   | Place    | Note
-------+----------+-------------------------------------------
     0 | D:1      | T3K the Draconian Air Elementalist began the quest for the
                  | Orb.
     0 | D:1      | Reached XP level 1. HP: 14/14 MP: 3/3
   409 | D:1      | Reached XP level 2. HP: 20/20 MP: 3/5
   512 | D:1      | Found a faded altar of an unknown god.
   543 | D:1      | Became a worshipper of Gozag Ym Sagoz the Greedy
  1375 | D:2      | Noticed an ogre
  1390 | D:2      | Slain by an ogre

Illustrated notes

Levels and vault maps discovered:
D:1:      nzn_arrival_settlement, layout_basic,
          shapermc_ecumenical_altar_flowoftime, dk_noncrumbling_4,
          minmay_stone_trees_medium
D:2:      layout_loops_cross, grunt_decor_one_mirror

Action                   || total
-------------------------++-------
Melee: Short sword       ||    43
       Unarmed           ||     5
       Tailslap          ||     8
 Cast: Shock             ||    36
  Use: Scroll            ||     2
       Potion            ||     2
Armor: Skin              ||    13
Dodge: Dodged            ||    30
